 Dungeon Crawl Stone Soup version 0.31-a0-408-gb642c7f9a3 (webtiles) character file.

Game seed: 16905737075253615532

61 runemasterragnar the Ruffian (level 3, -3/3 HPs)
             Began as a Troll Shapeshifter on July 29, 2023.
             Slain by a worm (6 damage)
             ... on level 2 of the Dungeon.
             The game lasted 00:01:46 (1188 turns).

runemasterragnar the Ruffian (Troll Shapeshifter)   Turns: 1188, Time: 00:01:47

Health: -3/3       AC: 15    Str: 23    XL:     3   Next: 83%
Magic:  2/2        EV: 30    Int:  6    God:
Gold:   48         SH:  0    Dex: 10    Spells: 2/2 levels left

rFire   . .          .
                       - Unarmed
rCold   . . .        (shield currently unavailable)
rNeg    . . .        a - melded +0 animal skin
rPois   ∞            (helmet currently unavailable)
rElec   +            (cloak currently unavailable)
rCorr   .            (gloves unavailable)
SInv    .            (boots unavailable)
Will    +....        (no amulet)
Stlth   +            d - ring of willpower
HPRegen 1.00/turn    (no ring)
MPRegen 0.08/turn

%: no passive effects
@: storm-form, flying
A: cleaving, insubstantial, flying, reduced hp, large, unfitting armour, (claws
3), regeneration 1, (shaggy fur 1), (tough skin 1)
a: Blinkbolt, Begin Untransformation


You were on level 2 of the Dungeon.
You were a lightning-filled tempest!
You visited 1 branch of the dungeon, and saw 2 of its levels.

You collected 48 gold pieces.

Inventory:

Missiles
 l - 6 boomerangs
Armour
 a - a +0 animal skin (melded)
Magical Staves
 e - a staff of conjuration
Jewellery
 d - a ring of willpower (left fist)
 k - a ring of magical power
Talismans
 c - a beast talisman
 q - a storm talisman
Scrolls
 f - a scroll of identify {unknown}
 g - a scroll of silence {unknown}
 p - a scroll of teleportation {unknown}
Potions
 b - 2 potions of lignification
 h - a potion of ambrosia {unknown}
 i - a potion of heal wounds {unknown}
 j - 2 potions of curing {unknown}
 m - a potion of enlightenment {unknown}
 n - a potion of brilliance {unknown}
 o - a potion of cancellation {unknown}


   Skills:
 + Level 1.2 Fighting
 + Level 0.6 Throwing
 + Level 2.0 Dodging
 * Level 3.6 Unarmed Combat
 * Level 3.4 Shapeshifting


You had 2 spell levels left.
You didn't know any spells.
Your spell library contained the following spells:

 Spells                   Type           Power      Damage    Failure   Level
 Summon Small Mammal      Summ           0%         N/A       45%         1
 Cigotuvi's Dreadful Rot  Necr/Pois/Air  0%         N/A       58%         2
 Call Canine Familiar     Summ           0%         N/A       83%         3
 Summon Guardian Golem    Hex/Summ       0%         N/A       83%         3
 Dispel Undead            Necr           0%         3d6       99%         4
 Death Channel            Necr           0%         N/A       100%        6


Dungeon Overview and Level Annotations

Branches:
Dungeon (2/15)

Altars:


Innate Abilities, Weirdness & Mutations

You are a lightning-filled tempest!
Your electrical attacks strike out in all directions at once.
You are incredibly evasive.
Your insubstantial body is immune to petrification, constriction, and being set on fire You are flying.
Your maximum health is decreased, since you lack skill for your form.
Your armour is entirely melded.
You are incapable of wielding weapons or throwing items.
You are too large for most types of armour.
You are immune to poison.
((You have claws for hands.))
Your natural rate of healing is unusually fast.
((You are covered in fur. (AC +1)))
((You have tough skin. (AC +1)))


Message History

A worm comes into view.
Search for what [? for help]?
Okay, then.
You claw the worm!
The worm is heavily wounded.
You claw the worm!
You kill the worm!
Search for what [? for help]? talisman You see here a +0 leather armour.
You see here a storm talisman.
q - a storm talisman You begin transforming.
You continue transforming. x3
Your transformation has ended.
You turn into a lightning-filled tempest!
Your +0 animal skin melds into your body.
There is a stone staircase leading down here.
A goblin comes into view. It is wielding a +0 dagger.
Found a pair of smouldering gloves.
A goblin is nearby!
The goblin shouts!
You barely miss the goblin. The goblin hits you with a +0 dagger.
You completely miss the goblin. The goblin completely misses you.
You closely miss the goblin. The goblin completely misses you.
A goblin is nearby!
You batter the goblin!!
You kill the goblin!
You see here a +0 dagger.
You see here the +2 pair of gloves "Kajuckiu" {rPois}.
A worm comes into view.
A worm is nearby!
Okay, then.
Found 5 stones.
Okay, then.
Unknown command.
A worm is nearby!
Still begin transforming?
You begin transforming.
You continue transforming. x3
The worm bites you.
Ouch! That really hurt!
You die...

###.###.##.#..#.
#..........#....
######.....#.####..##
####..........#.......##
#.......#.....######....
#.##.##.#.....# #...# ..
#.###.### #..(# .
#.......# #...#
#v###.#.# #...#
........w.......####...#
.....##.#.....#.........
.... .....#............
(.. #.# .# .#.........
.. #.. .. #.###..... #
.## .. . #.###. # ###
#.# #. #.###.


You could see a worm.

Vanquished Creatures
  Robin (D:2)
  2 worms (D:2)
  2 dart slugs
  2 giant cockroaches
  12 goblins
  4 hobgoblins
  2 kobolds (D:2)
  3 quokkas
  5 ball pythons
  A frilled lizard (D:2)
  2 rats
36 creatures vanquished.

Notes
Turn   | Place    | Note
-------+----------+-------------------------------------------
     0 | D:1      | runemasterragnar the Troll Shapeshifter began the quest for
                  | the Orb.
     0 | D:1      | Reached XP level 1. HP: 18/18 MP: 0/0
   427 | D:1      | Reached skill level 1 in Fighting
   427 | D:1      | Reached XP level 2. HP: 27/27 MP: 1/1
   807 | D:2      | Noticed Robin
   817 | D:2      | Reached XP level 3. HP: 31/33 MP: 2/2
   819 | D:2      | Killed Robin
  1143 | D:2      | Identified the +2 pair of gloves "Kajuckiu" {rPois}
  1188 | D:2      | Slain by a worm

Illustrated notes

Levels and vault maps discovered:
D:1:      dpeg_arrival_yet_another_circle, layout_loops_cross
D:2:      layout_loops_cross, uniq_robin

Skill      XL: |  1  2  3 |
---------------+----------+-----
Fighting       | 1 |  1.2
Dodging        | 2 |  2.0
Throwing       | |  0.6
Unarmed Combat | |  3.6
Shapeshifting  | |  3.4

Action                     || total
---------------------------++-------
  Melee: Unarmed           ||    75
         Punch             ||     3
   Stab: Sleeping          ||     2
 Armour: Animal skin       ||    16
  Dodge: Dodged            ||    27
   Form: Storm             ||     1
         Beast             ||     1

Table legend: (Time is in decaauts)
 A = Elapsed time spent in this place.
 B = Non-inter-level travel time spent in this place.
 C = Inter-level travel time spent in this place.
 D = Time resting spent in this place.
 E = Time spent auto-exploring this place.
 F = Levels seen in this place.
 G = Mean time per level.
                   A        B        C        D        E       F      G
               +--------+--------+--------+--------+--------+-----+--------+
         Total |   1182 |   1162 |     20 |     39 |    925 |   2 |  591.0 |
       Dungeon |   1182 |   1162 |     20 |     39 |    925 |   2 |  591.0 |
               +--------+--------+--------+--------+--------+-----+--------+

Top non-repeatable levels by time:
     D:1: 646 daAuts
     D:2: 536 daAuts
